Minnesota North Stars vs Vegas Golden Knights
Created - Monday, April 22, 2024 at 09:11
Goals
|
| Minnesota North Stars |
1 |
0 |
0 |
0 |
0 |
1 |
| Vegas Golden Knights |
0 |
1 |
0 |
0 |
1 |
2 |
|
Shots
|
| Minnesota North Stars |
14 |
11 |
8 |
0 |
3 |
33 |
| Vegas Golden Knights |
14 |
15 |
5 |
1 |
3 |
35 |
|
1st period
1. Minnesota North Stars , Viktor Arvidsson 14 (Jack Hughes 23, Neal Pionk 12) at 8:10
Penalties :
Sean Monahan (VGK) for High sticking (Double Minor) at 2:26, Ryan Nugent-Hopkins (MNS) for Delaying the game (Minor) at 9:14, Evgeni Malkin (MNS) for Cross-checking (Minor) at 15:34
2nd period
2. Vegas Golden Knights , Jonathan Drouin 12 (Alex Chiasson 9) at 12:57
Penalties :
Gustav Forsling (MNS) for Hooking (Minor) at 4:42, Roman Josi (VGK) for Diving (Minor) at 11:54, Frank Vatrano (MNS) for Boarding (Minor) at 12:03
3rd period
No Goal
Penalties :
No Penalty
Overtime #1
No Goal
Penalties :
Jeff Skinner (MNS) for Boarding (Minor) at 0:13
Shootout
Minnesota North Stars, Ryan Nugent-Hopkins - Stopped by Alexandar Georgiev
Vegas Golden Knights, Jack Roslovic - Shot Misses the Net
Minnesota North Stars, Evgeni Malkin - Stopped by Alexandar Georgiev
Vegas Golden Knights, Sean Monahan - Stopped by Antti Raanta
Minnesota North Stars, Brock Nelson - Stopped by Alexandar Georgiev
Vegas Golden Knights, Joe Pavelski - Goal!
Penalties :
No Penalty
Goalie Stats
Antti Raanta (MNS), 34 saves from 35 shots - (0.971), OTL, 14-12-2, 65:00 minutes
Alexandar Georgiev (VGK), 32 saves from 33 shots - (0.970), W, 22-12-3, 65:00 minutes
Players Stats for Minnesota North Stars
Player Name G A P +/- PIM S H SB GA TA FO MP PP MP PK MP
------------------------------------------------------------------------------------
Adam Lowry 0 0 0 0 0 1 1 2 1 0 5/9 11:37 0:41 3:00
Brandon Montour 0 0 0 0 0 2 3 2 0 0 0/0 20:18 1:59 0:00
Brock Nelson 0 0 0 0 0 1 1 0 1 0 0/0 13:02 0:00 0:00
Eeli Tolvanen 0 0 0 1 0 1 0 1 0 0 0/0 14:18 0:48 0:00
Evan Rodrigues 0 0 0 0 0 0 0 0 1 0 0/0 6:18 0:00 0:00
Evgeni Malkin 0 0 0 0 2 1 0 0 1 0 5/13 13:53 0:20 0:05
Frank Vatrano 0 0 0 0 2 2 4 0 0 1 0/0 17:41 1:48 0:00
Gustav Forsling 0 0 0 0 2 0 0 0 0 1 0/0 21:22 1:59 2:37
Jack Hughes 0 1 1 0 0 1 1 0 0 0 6/21 17:28 1:33 0:07
Jamie Oleksiak 0 0 0 0 0 1 3 1 0 0 0/0 22:30 0:00 4:03
Jeff Skinner 0 0 0 -1 2 5 1 0 1 0 1/2 18:27 1:31 1:10
Jonathan Toews 0 0 0 0 0 4 3 0 0 0 1/2 11:55 0:00 3:55
Neal Pionk 0 1 1 0 0 0 0 0 0 0 0/0 22:05 0:33 3:54
Rasmus Dahlin 0 0 0 0 0 3 1 1 0 1 0/0 24:35 2:09 4:11
Ryan Nugent-Hopkins 0 0 0 0 2 3 1 1 1 0 2/13 21:29 1:49 2:54
Sean Durzi 0 0 0 0 0 2 0 0 0 0 0/0 19:44 2:09 1:25
Viktor Arvidsson 1 0 1 1 0 4 1 0 0 0 0/2 15:32 1:49 0:00
Zach Parise 0 0 0 0 0 2 4 0 0 0 0/1 17:46 1:31 3:00
Players Stats for Vegas Golden Knights
Player Name G A P +/- PIM S H SB GA TA FO MP PP MP PK MP
------------------------------------------------------------------------------------
Alex Chiasson 0 1 1 1 0 7 2 0 0 0 0/0 15:40 2:59 0:00
Chris Kreider 0 0 0 0 0 4 1 0 1 0 1/2 21:01 3:11 1:03
Eric Staal 0 0 0 0 0 1 1 0 0 0 2/3 10:33 0:00 1:28
Jack Roslovic 0 0 0 -1 0 0 0 0 0 0 2/4 16:40 2:55 0:00
Joe Pavelski 0 0 0 0 0 6 1 0 1 1 5/7 20:39 3:11 0:46
John Marino 0 0 0 0 0 1 0 1 0 0 0/0 21:02 0:00 1:52
Jonathan Drouin 1 0 1 1 0 2 2 0 0 1 7/8 14:46 2:55 0:00
Jordan Staal 0 0 0 0 0 1 0 0 0 0 6/9 14:25 0:00 1:35
Marc Staal 0 0 0 -1 0 0 3 0 0 0 0/0 15:56 0:00 1:52
Marc-Edouard Vlasic 0 0 0 1 0 0 2 0 0 0 0/0 20:18 0:09 1:52
Nikolaj Ehlers 0 0 0 -1 0 3 1 1 0 0 0/0 16:49 2:55 0:01
Reilly Smith 0 0 0 0 0 3 0 0 0 0 0/2 16:48 3:02 1:26
Roman Josi 0 0 0 0 2 1 0 1 0 1 0/0 24:44 3:07 0:24
Sean Couturier 0 0 0 -1 0 0 4 2 1 0 12/17 15:31 0:00 1:51
Sean Monahan 0 0 0 0 4 0 2 0 0 0 8/11 12:29 0:00 0:06
Shea Theodore 0 0 0 0 0 2 0 1 0 1 0/0 26:45 3:08 0:30
Travis Hamonic 0 0 0 0 0 0 0 1 0 2 0/0 15:12 0:00 1:46
Tyler Bertuzzi 0 0 0 0 0 4 3 0 0 0 0/0 14:42 2:58 0:00
3 Stars
1 - Alexandar Georgiev (VGK)
2 - Antti Raanta (MNS)
3 - Jonathan Drouin (VGK)
Power Play
Minnesota North Stars - 0 on 3 Attempt(s) - 0.00%
Vegas Golden Knights - 0 on 5 Attempt(s) - 0.00%
Penalty Kill
Minnesota North Stars - 5 on 5 Attempt(s) - 100.00%
- Score 0 goal in Penalty Kill
Vegas Golden Knights - 3 on 3 Attempt(s) - 100.00%
- Score 0 goal in Penalty Kill
Team Stat
Minnesota North Stars - Hits : 24 - Faceoff Wins : 20 - Blocked Shots : 8 - Penalty Minutes : 10
Vegas Golden Knights - Hits : 22 - Faceoff Wins : 43 - Blocked Shots : 7 - Penalty Minutes : 6
Official
Referees : Kelly Sutherland and Tom Chmielewski
Linesman : Jay Sharrers and Mike Cvik
Game Notes
No Game Note
Finance
Level 1 -- Attendance: 5744 (95.73%) -- Ticket Income $545,680
Level 2 -- Attendance: 4659 (93.18%) -- Ticket Income $256,245
Level 3 -- Attendance: 3000 (100.00%) -- Ticket Income $90,000
Level 4 -- Attendance: 4898 (97.96%) -- Ticket Income $97,960
Luxury Box -- Attendance: 1000 (100.00%) -- Ticket Income $190,000
Game was played at the T-Mobile Arena.
Total Attendance: 19301 (96.51%)
Total Ticket Income: $1,179,885
Other Income: $412,960
Total Income: $1,592,845
Minnesota North Stars
5 vs 5 Forward
Center Left Wing Right Wing Time % Phy DF OF
1 Ryan Nugent-Hopkins Brock Nelson Frank Vatrano 29 1 2 2
2 Evgeni Malkin Jeff Skinner Zach Parise 29 1 2 2
3 Jack Hughes Eeli Tolvanen Viktor Arvidsson 29 1 1 3
4 Adam Lowry Evan Rodrigues Jonathan Toews 13 1 2 2
5 vs 5 Defense
Defense Defense Time % Phy DF OF
1 Rasmus Dahlin Jamie Oleksiak 34 1 2 2
2 Brandon Montour Neal Pionk 33 1 2 2
3 Gustav Forsling Sean Durzi 33 1 2 2
4 Jamie Oleksiak Brandon Montour 0 1 2 2
PowerPlay Forward
Center Left Wing Right Wing Time % Phy DF OF
1 Ryan Nugent-Hopkins Viktor Arvidsson Frank Vatrano 50 1 1 3
2 Jack Hughes Zach Parise Jeff Skinner 50 1 1 3
PowerPlay Defense
Defense Defense Time % Phy DF OF
1 Rasmus Dahlin Sean Durzi 50 1 2 2
2 Brandon Montour Gustav Forsling 50 1 2 2
Penalty Kill 4 Players Forward
Center Wing Time % Phy DF OF
1 Jonathan Toews Ryan Nugent-Hopkins 50 1 3 1
2 Adam Lowry Zach Parise 50 2 2 1
Penalty Kill 4 Players Defense
Defense Defense Time % Phy DF OF
1 Jamie Oleksiak Neal Pionk 50 1 3 1
2 Rasmus Dahlin Gustav Forsling 50 1 3 1
Penalty Kill - 3 Players Forward
Forward Time % Phy DF OF
1 Ryan Nugent-Hopkins 50 1 3 1
2 Jonathan Toews 50 1 3 1
Penalty Kill - 3 Players Defense
Defense Defense Time % Phy DF OF
1 Jamie Oleksiak Neal Pionk 50 1 3 1
2 Rasmus Dahlin Gustav Forsling 50 1 3 1
4 vs 4 Forward
Center Wing Time % Phy DF OF
1 Ryan Nugent-Hopkins Frank Vatrano 50 1 2 2
2 Jack Hughes Jeff Skinner 50 1 2 2
4 vs 4 Defense
Defense Defense Time % Phy DF OF
1 Rasmus Dahlin Jamie Oleksiak 50 1 3 1
2 Brandon Montour Neal Pionk 50 1 3 1
Last Minutes Offensive
Center Left Wing Right Wing Defense Defense
Ryan Nugent-Hopkins Brock Nelson Jeff Skinner Neal Pionk Brandon Montour
Last Minutes Defensive
Center Left Wing Right Wing Defense Defense
Jonathan Toews Ryan Nugent-Hopkins Adam Lowry Neal Pionk Brandon Montour
Goaltenders
Starting : Antti Raanta
Backup : Stuart Skinner
Extra Forwards
Normal : Adam Lowry, Viktor Arvidsson, Jonathan Toews - PP : Adam Lowry, Viktor Arvidsson - PK : Jonathan Toews
Extra Defensemen
Normal : Neal Pionk, Sean Durzi, Jamie Oleksiak - PP : Rasmus Dahlin - PK : Sean Durzi, Jamie Oleksiak
Penalty Shots
Ryan Nugent-Hopkins, Evgeni Malkin, Brock Nelson, Jeff Skinner, Viktor Arvidsson
Vegas Golden Knights
5 vs 5 Forward
Center Left Wing Right Wing Time % Phy DF OF
1 Sean Monahan Chris Kreider Joe Pavelski 30 1 2 2
2 Sean Couturier Nikolaj Ehlers Jack Roslovic 30 1 2 2
3 Jordan Staal Tyler Bertuzzi Reilly Smith 25 1 2 2
4 Eric Staal Jonathan Drouin Alex Chiasson 15 1 2 2
5 vs 5 Defense
Defense Defense Time % Phy DF OF
1 Roman Josi Shea Theodore 35 1 2 2
2 Marc Staal John Marino 30 1 2 2
3 Marc-Edouard Vlasic Travis Hamonic 25 1 2 2
4 Roman Josi Shea Theodore 10 1 2 2
PowerPlay Forward
Center Left Wing Right Wing Time % Phy DF OF
1 Joe Pavelski Chris Kreider Reilly Smith 50 1 2 2
2 Jonathan Drouin Nikolaj Ehlers Jack Roslovic 50 1 2 2
PowerPlay Defense
Defense Defense Time % Phy DF OF
1 Tyler Bertuzzi Roman Josi 50 1 2 2
2 Alex Chiasson Shea Theodore 50 1 2 2
Penalty Kill 4 Players Forward
Center Wing Time % Phy DF OF
1 Sean Couturier Sean Monahan 50 1 2 2
2 Eric Staal Jordan Staal 50 1 2 2
Penalty Kill 4 Players Defense
Defense Defense Time % Phy DF OF
1 John Marino Travis Hamonic 50 1 2 2
2 Marc-Edouard Vlasic Marc Staal 50 1 2 2
Penalty Kill - 3 Players Forward
Forward Time % Phy DF OF
1 Sean Couturier 50 1 2 2
2 Jordan Staal 50 1 2 2
Penalty Kill - 3 Players Defense
Defense Defense Time % Phy DF OF
1 John Marino Travis Hamonic 50 1 2 2
2 Eric Staal Marc Staal 50 1 2 2
4 vs 4 Forward
Center Wing Time % Phy DF OF
1 Joe Pavelski Chris Kreider 50 1 2 2
2 Jonathan Drouin Alex Chiasson 50 1 2 2
4 vs 4 Defense
Defense Defense Time % Phy DF OF
1 Roman Josi Shea Theodore 50 1 2 2
2 Marc-Edouard Vlasic John Marino 50 1 2 2
Last Minutes Offensive
Center Left Wing Right Wing Defense Defense
Joe Pavelski Chris Kreider Nikolaj Ehlers Roman Josi John Marino
Last Minutes Defensive
Center Left Wing Right Wing Defense Defense
Eric Staal Jordan Staal Sean Monahan Marc Staal Travis Hamonic
Goaltenders
Starting : Alexandar Georgiev
Backup : Philipp Grubauer
Extra Forwards
Normal : Reilly Smith, Joe Pavelski, Chris Kreider - PP : Sean Monahan, Sean Couturier - PK : Reilly Smith
Extra Defensemen
Normal : John Marino, Roman Josi, Shea Theodore - PP : Marc Staal - PK : Shea Theodore, Roman Josi
Penalty Shots
Jack Roslovic, Sean Monahan, Joe Pavelski, Chris Kreider, Jonathan Drouin
% Time on Ice - Minnesota North Stars
Lines # - Real PCT - Wanted PCT - Time Play
Normal Forward
1 - 31% - 29% - 14:53
2 - 28% - 29% - 13:15
3 - 28% - 29% - 13:30
4 - 13% - 13% - 6:18
Normal Defense
1 - 34% - 34% - 16:17
2 - 34% - 33% - 16:09
3 - 31% - 33% - 14:50
4 - 1% - 0% - 0:40
PP Forward
1 - 52% - 50% - 2:09
2 - 48% - 50% - 1:59
PP Defense
1 - 52% - 50% - 2:09
2 - 48% - 50% - 1:59
PK Forward
1 - 51% - 50% - 3:06
2 - 49% - 50% - 3:00
PK Defense
1 - 46% - 50% - 2:48
2 - 54% - 50% - 3:18
PK3 Forward
1 - 53% - 50% - 1:03
2 - 47% - 50% - 0:56
PK3 Defense
1 - 63% - 50% - 1:15
2 - 37% - 50% - 0:44
44 Forward
1 - 53% - 50% - 2:33
2 - 47% - 50% - 2:18
44 Defense
1 - 40% - 50% - 1:55
2 - 60% - 50% - 2:56
Last Minute Offensive - 0:00
Last Minute Defensive - 0:00
Total
Forward - 65:00
Defense - 65:00
|
% Time on Ice - Vegas Golden Knights
Lines # - Real PCT - Wanted PCT - Time Play
Normal Forward
1 - 28% - 30% - 13:34
2 - 29% - 30% - 13:53
3 - 24% - 25% - 11:32
4 - 19% - 15% - 8:57
Normal Defense
1 - 36% - 35% - 17:06
2 - 33% - 30% - 15:41
3 - 27% - 25% - 12:50
4 - 5% - 10% - 2:19
PP Forward
1 - 52% - 50% - 3:11
2 - 48% - 50% - 2:55
PP Defense
1 - 51% - 50% - 3:07
2 - 49% - 50% - 2:59
PK Forward
1 - 57% - 50% - 2:22
2 - 43% - 50% - 1:46
PK Defense
1 - 53% - 50% - 2:12
2 - 47% - 50% - 1:56
PK3 Forward
1 - 0% - 50%
2 - 0% - 50%
PK3 Defense
1 - 0% - 50%
2 - 0% - 50%
44 Forward
1 - 54% - 50% - 3:42
2 - 46% - 50% - 3:08
44 Defense
1 - 52% - 50% - 3:35
2 - 48% - 50% - 3:15
Last Minute Offensive - 0:00
Last Minute Defensive - 0:00
Total
Forward - 65:00
Defense - 65:00
|
Play-by-Play
1st period
0:01 of 1st period - Sean Monahan wins face-off versus Ryan Nugent-Hopkins in neutral zone.
0:28 of 1st period - Wrist shot by Jeff Skinner.
0:28 of 1st period - Shot Misses the Net.
0:30 of 1st period - Slapshot by Jamie Oleksiak.
0:30 of 1st period - Shot Blocked by Nikolaj Ehlers.
0:32 of 1st period - Snap shot by Zach Parise.
0:32 of 1st period - Stopped by Alexandar Georgiev with a rebound.
0:34 of 1st period - Slapshot by Zach Parise.
0:34 of 1st period - Deflect By Jeff Skinner.
0:34 of 1st period - Stopped by Alexandar Georgiev without a rebound.
0:35 of 1st period - Jordan Staal wins face-off versus Jack Hughes in Vegas Golden Knights zone.
0:39 of 1st period - Off-side.
0:40 of 1st period - Jack Hughes wins face-off versus Jordan Staal in neutral zone.
0:45 of 1st period - Snap shot by Reilly Smith.
0:45 of 1st period - Stopped by Antti Raanta without a rebound.
0:46 of 1st period - Jonathan Drouin wins face-off versus Adam Lowry in Minnesota North Stars zone.
0:47 of 1st period - Wrist shot by Alex Chiasson.
0:47 of 1st period - Stopped by Antti Raanta without a rebound.
0:48 of 1st period - Eric Staal wins face-off versus Adam Lowry in Minnesota North Stars zone.
0:59 of 1st period - Wrist shot by Jonathan Toews.
0:59 of 1st period - Stopped by Alexandar Georgiev without a rebound.
1:00 of 1st period - Jack Hughes wins face-off versus Sean Couturier in Vegas Golden Knights zone.
1:01 of 1st period - Snap shot by Viktor Arvidsson.
1:01 of 1st period - Shot Misses the Net.
1:03 of 1st period - Wrist shot by Viktor Arvidsson.
1:03 of 1st period - Stopped by Alexandar Georgiev with a rebound.
1:05 of 1st period - Wrist shot by Jack Hughes.
1:05 of 1st period - Shot Blocked by John Marino.
1:31 of 1st period - Snap shot by Jordan Staal.
1:31 of 1st period - Shot Misses the Net.
1:33 of 1st period - Slapshot by Marc Staal.
1:33 of 1st period - Deflect By Reilly Smith.
1:33 of 1st period - Stopped by Antti Raanta with a rebound.
1:53 of 1st period - Snap shot by Alex Chiasson.
1:53 of 1st period - Stopped by Antti Raanta with a rebound.
1:55 of 1st period - Slapshot by Marc-Edouard Vlasic.
1:55 of 1st period - Deflect By Alex Chiasson.
1:55 of 1st period - Stopped by Antti Raanta with a rebound.
1:57 of 1st period - Slapshot by Marc-Edouard Vlasic.
1:57 of 1st period - Shot Blocked by Brandon Montour.
2:26 of 1st period - Double Minor Penalty to Sean Monahan for High sticking.
2:27 of 1st period - Sean Couturier wins face-off versus Ryan Nugent-Hopkins in Vegas Golden Knights zone.
2:38 of 1st period - Snap shot by Reilly Smith.
2:38 of 1st period - Stopped by Antti Raanta without a rebound.
2:39 of 1st period - Jack Hughes wins face-off versus Jordan Staal in Minnesota North Stars zone.
2:44 of 1st period - Marc-Edouard Vlasic is hit by Zach Parise and loses puck.
3:11 of 1st period - Snap shot by Jordan Staal.
3:11 of 1st period - Shot Misses the Net.
4:34 of 1st period - Frank Vatrano is hit by Marc Staal and loses puck.
5:23 of 1st period - Brandon Montour is hit by Marc Staal and loses puck.
5:30 of 1st period - Marc Staal is hit by Frank Vatrano and loses puck.
6:26 of 1st period - Penalty to Sean Monahan is over, Sean Monahan is back on ice.
6:33 of 1st period - Slapshot by Brandon Montour.
6:33 of 1st period - Stopped by Alexandar Georgiev without a rebound.
6:34 of 1st period - Chris Kreider wins face-off versus Adam Lowry in Vegas Golden Knights zone.
6:38 of 1st period - Off-side.
6:39 of 1st period - Adam Lowry wins face-off versus Sean Monahan in neutral zone.
7:28 of 1st period - Snap shot by Jordan Staal.
7:28 of 1st period - Stopped by Antti Raanta with a rebound.
7:56 of 1st period - Snap shot by Joe Pavelski.
7:56 of 1st period - Stopped by Antti Raanta without a rebound.
7:57 of 1st period - Sean Couturier wins face-off versus Jack Hughes in Minnesota North Stars zone.
8:08 of 1st period - Wrist shot by Jack Hughes.
8:08 of 1st period - Shot Misses the Net.
8:10 of 1st period - Snap shot by Viktor Arvidsson.
8:10 of 1st period - Goal by Viktor Arvidsson - Minnesota North Stars : 1 - Vegas Golden Knights : 0.
8:11 of 1st period - Sean Couturier wins face-off versus Evgeni Malkin in neutral zone.
8:18 of 1st period - Wrist shot by Nikolaj Ehlers.
8:18 of 1st period - Stopped by Antti Raanta with a rebound.
9:14 of 1st period - Minor Penalty to Ryan Nugent-Hopkins for Delaying the game.
9:15 of 1st period - Joe Pavelski wins face-off versus Jonathan Toews in Minnesota North Stars zone.
9:17 of 1st period - Snap shot by Chris Kreider.
9:17 of 1st period - Deflect By Joe Pavelski.
9:17 of 1st period - Stopped by Antti Raanta with a rebound.
9:29 of 1st period - Snap shot by Joe Pavelski.
9:29 of 1st period - Stopped by Antti Raanta without a rebound.
9:30 of 1st period - Adam Lowry wins face-off versus Jack Roslovic in Minnesota North Stars zone.
11:07 of 1st period - Icing by Shea Theodore.
11:08 of 1st period - Adam Lowry wins face-off versus Jonathan Drouin in Vegas Golden Knights zone.
11:09 of 1st period - Slapshot by Rasmus Dahlin.
11:09 of 1st period - Stopped by Alexandar Georgiev with a rebound.
11:14 of 1st period - Penalty to Ryan Nugent-Hopkins is over, Ryan Nugent-Hopkins is back on ice.
11:34 of 1st period - Snap shot by Tyler Bertuzzi.
11:34 of 1st period - Shot Misses the Net.
12:00 of 1st period - Joe Pavelski is hit by Zach Parise and loses puck.
12:15 of 1st period - Brandon Montour is hit by Tyler Bertuzzi and loses puck.
12:32 of 1st period - Slapshot by Brandon Montour.
12:32 of 1st period - Deflect By Travis Hamonic.
12:32 of 1st period - Stopped by Alexandar Georgiev without a rebound.
12:33 of 1st period - Eric Staal wins face-off versus Evgeni Malkin in Vegas Golden Knights zone.
12:42 of 1st period - Wrist shot by Eric Staal.
12:42 of 1st period - Stopped by Antti Raanta with a rebound.
13:25 of 1st period - Wrist shot by Jack Hughes.
13:25 of 1st period - Deflect By Eeli Tolvanen.
13:25 of 1st period - Shot Blocked by Roman Josi.
13:25 of 1st period - Puck is out of play.
13:26 of 1st period - Sean Couturier wins face-off versus Evgeni Malkin in Vegas Golden Knights zone.
13:51 of 1st period - Sean Monahan is hit by Ryan Nugent-Hopkins and loses puck.
13:56 of 1st period - Snap shot by Brock Nelson.
13:56 of 1st period - Stopped by Alexandar Georgiev without a rebound.
13:57 of 1st period - Sean Monahan wins face-off versus Ryan Nugent-Hopkins in Vegas Golden Knights zone.
14:08 of 1st period - Wrist shot by Joe Pavelski.
14:08 of 1st period - Shot Hit the Post.
14:16 of 1st period - Snap shot by Ryan Nugent-Hopkins.
14:16 of 1st period - Shot Misses the Net.
14:28 of 1st period - Backhand shot by Nikolaj Ehlers.
14:28 of 1st period - Shot Misses the Net.
14:30 of 1st period - Wrist shot by Shea Theodore.
14:30 of 1st period - Shot Blocked by Jamie Oleksiak.
15:21 of 1st period - Wrist shot by Alex Chiasson.
15:21 of 1st period - Stopped by Antti Raanta without a rebound.
15:22 of 1st period - Sean Couturier wins face-off versus Evgeni Malkin in Minnesota North Stars zone.
15:34 of 1st period - Minor Penalty to Evgeni Malkin for Cross-checking.
15:35 of 1st period - Joe Pavelski wins face-off versus Zach Parise in Minnesota North Stars zone.
15:43 of 1st period - Slapshot by Joe Pavelski.
15:43 of 1st period - Shot Blocked by Rasmus Dahlin.
15:45 of 1st period - Snap shot by Chris Kreider.
15:45 of 1st period - Shot Misses the Net.
15:47 of 1st period - Wrist shot by Reilly Smith.
15:47 of 1st period - Shot Misses the Net.
16:01 of 1st period - Shea Theodore is hit by Jonathan Toews and loses puck.
16:26 of 1st period - Neal Pionk is hit by Joe Pavelski and loses puck.
17:34 of 1st period - Penalty to Evgeni Malkin is over, Evgeni Malkin is back on ice.
17:48 of 1st period - Wrist shot by Jack Hughes.
17:48 of 1st period - Stopped by Alexandar Georgiev with a rebound.
17:50 of 1st period - Snap shot by Viktor Arvidsson.
17:50 of 1st period - Shot Misses the Net.
17:52 of 1st period - Snap shot by Sean Durzi.
17:52 of 1st period - Stopped by Alexandar Georgiev with a rebound.
17:54 of 1st period - Slapshot by Jamie Oleksiak.
17:54 of 1st period - Stopped by Alexandar Georgiev without a rebound.
17:55 of 1st period - Sean Monahan wins face-off versus Viktor Arvidsson in Vegas Golden Knights zone.
17:55 of 1st period - Sean Monahan is hit by Brandon Montour.
18:01 of 1st period - Wrist shot by Jack Hughes.
18:01 of 1st period - Deflect By Eeli Tolvanen.
18:01 of 1st period - Stopped by Alexandar Georgiev without a rebound.
18:02 of 1st period - Jack Hughes wins face-off versus Chris Kreider in Vegas Golden Knights zone.
18:29 of 1st period - Snap shot by Jeff Skinner.
18:29 of 1st period - Shot Misses the Net.
18:31 of 1st period - Slapshot by Brandon Montour.
18:31 of 1st period - Deflect By Jeff Skinner.
18:31 of 1st period - Stopped by Alexandar Georgiev without a rebound.
18:32 of 1st period - Sean Couturier wins face-off versus Ryan Nugent-Hopkins in Vegas Golden Knights zone.
19:00 of 1st period - Icing by Nikolaj Ehlers.
19:01 of 1st period - Sean Couturier wins face-off versus Jack Hughes in Vegas Golden Knights zone.
19:01 of 1st period - Sean Couturier is hit by Jamie Oleksiak.
19:27 of 1st period - Rasmus Dahlin is hit by Sean Monahan and loses puck.
19:58 of 1st period - Wrist shot by Jonathan Drouin.
19:58 of 1st period - Deflect By Alex Chiasson.
19:58 of 1st period - Stopped by Antti Raanta without a rebound.
19:59 of 1st period - Ryan Nugent-Hopkins wins face-off versus Jordan Staal in Minnesota North Stars zone.
Goals for this period are 1 for Minnesota North Stars vs 0 for Vegas Golden Knights.
Shots for this period are 14 for Minnesota North Stars vs 14 for Vegas Golden Knights.
2nd period
0:01 of 2nd period - Jordan Staal wins face-off versus Ryan Nugent-Hopkins in neutral zone.
0:16 of 2nd period - Wrist shot by Ryan Nugent-Hopkins.
0:16 of 2nd period - Stopped by Alexandar Georgiev without a rebound.
0:17 of 2nd period - Evgeni Malkin wins face-off versus Sean Monahan in Vegas Golden Knights zone.
0:28 of 2nd period - Joe Pavelski is hit by Jamie Oleksiak.
1:13 of 2nd period - Jack Hughes is hit by Sean Couturier and loses puck.
1:32 of 2nd period - Alex Chiasson is hit by Jonathan Toews and loses puck.
1:51 of 2nd period - Wrist shot by Jeff Skinner.
1:51 of 2nd period - Stopped by Alexandar Georgiev with a rebound.
3:03 of 2nd period - Slapshot by Roman Josi.
3:03 of 2nd period - Shot Misses the Net.
3:05 of 2nd period - Wrist shot by Jonathan Drouin.
3:05 of 2nd period - Stopped by Antti Raanta without a rebound.
3:06 of 2nd period - Evgeni Malkin wins face-off versus Eric Staal in Minnesota North Stars zone.
3:46 of 2nd period - Icing by Reilly Smith.
3:47 of 2nd period - Jordan Staal wins face-off versus Ryan Nugent-Hopkins in Vegas Golden Knights zone.
4:03 of 2nd period - Backhand shot by Tyler Bertuzzi.
4:03 of 2nd period - Stopped by Antti Raanta without a rebound.
4:04 of 2nd period - Jeff Skinner wins face-off versus Sean Couturier in Minnesota North Stars zone.
4:09 of 2nd period - Snap shot by Sean Durzi.
4:09 of 2nd period - Stopped by Alexandar Georgiev without a rebound.
4:10 of 2nd period - Evgeni Malkin wins face-off versus Jack Roslovic in Vegas Golden Knights zone.
4:42 of 2nd period - Minor Penalty to Gustav Forsling for Hooking.
4:43 of 2nd period - Joe Pavelski wins face-off versus Adam Lowry in Minnesota North Stars zone.
5:22 of 2nd period - Slapshot by Rasmus Dahlin.
5:22 of 2nd period - Stopped by Alexandar Georgiev without a rebound.
5:23 of 2nd period - Jonathan Toews wins face-off versus Joe Pavelski in Vegas Golden Knights zone.
6:42 of 2nd period - Penalty to Gustav Forsling is over, Gustav Forsling is back on ice.
7:24 of 2nd period - Marc-Edouard Vlasic is hit by Jeff Skinner and loses puck.
7:35 of 2nd period - Snap shot by Evan Rodrigues.
7:35 of 2nd period - Shot Misses the Net.
8:58 of 2nd period - Eric Staal is hit by Brandon Montour and loses puck.
9:05 of 2nd period - Snap shot by Jonathan Toews.
9:05 of 2nd period - Stopped by Alexandar Georgiev without a rebound.
9:06 of 2nd period - Ryan Nugent-Hopkins wins face-off versus Reilly Smith in Vegas Golden Knights zone.
9:09 of 2nd period - Snap shot by Ryan Nugent-Hopkins.
9:09 of 2nd period - Shot Misses the Net.
9:11 of 2nd period - Wrist shot by Ryan Nugent-Hopkins.
9:11 of 2nd period - Stopped by Alexandar Georgiev without a rebound.
9:12 of 2nd period - Jordan Staal wins face-off versus Ryan Nugent-Hopkins in Vegas Golden Knights zone.
9:32 of 2nd period - Marc-Edouard Vlasic is hit by Jamie Oleksiak and loses puck.
9:47 of 2nd period - Frank Vatrano is hit by Marc-Edouard Vlasic and loses puck.
10:04 of 2nd period - Travis Hamonic is hit by Frank Vatrano and loses puck.
10:46 of 2nd period - Wrist shot by Frank Vatrano.
10:46 of 2nd period - Stopped by Alexandar Georgiev without a rebound.
10:47 of 2nd period - Sean Monahan wins face-off versus Evgeni Malkin in Vegas Golden Knights zone.
10:47 of 2nd period - Sean Monahan is hit by Zach Parise.
10:57 of 2nd period - Snap shot by Joe Pavelski.
10:57 of 2nd period - Stopped by Antti Raanta without a rebound.
10:58 of 2nd period - Sean Couturier wins face-off versus Evgeni Malkin in Minnesota North Stars zone.
11:25 of 2nd period - Slapshot by Roman Josi.
11:25 of 2nd period - Stopped by Antti Raanta with a rebound.
11:54 of 2nd period - Minor Penalty to Roman Josi for Diving.
11:55 of 2nd period - Sean Couturier wins face-off versus Ryan Nugent-Hopkins in Vegas Golden Knights zone.
12:03 of 2nd period - Minor Penalty to Frank Vatrano for Boarding.
12:04 of 2nd period - Joe Pavelski wins face-off versus Ryan Nugent-Hopkins in Minnesota North Stars zone.
12:11 of 2nd period - Slapshot by Joe Pavelski.
12:11 of 2nd period - Stopped by Antti Raanta without a rebound.
12:12 of 2nd period - Joe Pavelski wins face-off versus Ryan Nugent-Hopkins in Minnesota North Stars zone.
12:13 of 2nd period - Snap shot by Chris Kreider.
12:13 of 2nd period - Shot Blocked by Adam Lowry.
12:15 of 2nd period - Slapshot by Shea Theodore.
12:15 of 2nd period - Stopped by Antti Raanta with a rebound.
12:17 of 2nd period - Slapshot by John Marino.
12:17 of 2nd period - Shot Misses the Net.
12:19 of 2nd period - Slapshot by John Marino.
12:19 of 2nd period - Stopped by Antti Raanta with a rebound.
12:21 of 2nd period - Snap shot by Chris Kreider.
12:21 of 2nd period - Shot Misses the Net.
12:23 of 2nd period - Backhand shot by Chris Kreider.
12:23 of 2nd period - Shot Misses the Net.
12:25 of 2nd period - Slapshot by John Marino.
12:25 of 2nd period - Shot Blocked by Adam Lowry.
12:27 of 2nd period - Wrist shot by Shea Theodore.
12:27 of 2nd period - Shot Misses the Net.
12:29 of 2nd period - Slapshot by Shea Theodore.
12:29 of 2nd period - Shot Blocked by Ryan Nugent-Hopkins.
12:47 of 2nd period - Wrist shot by Chris Kreider.
12:47 of 2nd period - Stopped by Antti Raanta without a rebound.
12:48 of 2nd period - Jonathan Drouin wins face-off versus Jeff Skinner in Minnesota North Stars zone.
12:57 of 2nd period - Backhand shot by Jonathan Drouin.
12:57 of 2nd period - Goal by Jonathan Drouin - Minnesota North Stars : 1 - Vegas Golden Knights : 1.
12:58 of 2nd period - Jonathan Drouin wins face-off versus Jack Hughes in neutral zone.
13:25 of 2nd period - Ryan Nugent-Hopkins is hit by Marc-Edouard Vlasic and loses puck.
13:30 of 2nd period - Snap shot by Chris Kreider.
13:30 of 2nd period - Stopped by Antti Raanta with a rebound.
13:32 of 2nd period - Slapshot by Shea Theodore.
13:32 of 2nd period - Shot Misses the Net.
13:34 of 2nd period - Slapshot by Shea Theodore.
13:34 of 2nd period - Stopped by Antti Raanta without a rebound.
13:35 of 2nd period - Jack Hughes wins face-off versus Joe Pavelski in Minnesota North Stars zone.
13:50 of 2nd period - Wrist shot by Jeff Skinner.
13:50 of 2nd period - Stopped by Alexandar Georgiev with a rebound.
13:54 of 2nd period - Penalty to Roman Josi is over, Roman Josi is back on ice.
14:03 of 2nd period - Penalty to Frank Vatrano is over, Frank Vatrano is back on ice.
14:04 of 2nd period - Slapshot by Chris Kreider.
14:04 of 2nd period - Stopped by Antti Raanta with a rebound.
14:39 of 2nd period - Snap shot by Joe Pavelski.
14:39 of 2nd period - Stopped by Antti Raanta with a rebound.
15:04 of 2nd period - Slapshot by Frank Vatrano.
15:04 of 2nd period - Shot Misses the Net.
15:27 of 2nd period - Snap shot by Jonathan Toews.
15:27 of 2nd period - Stopped by Alexandar Georgiev with a rebound.
15:29 of 2nd period - Wrist shot by Frank Vatrano.
15:29 of 2nd period - Stopped by Alexandar Georgiev with a rebound.
15:31 of 2nd period - Snap shot by Frank Vatrano.
15:31 of 2nd period - Deflect By Shea Theodore.
15:31 of 2nd period - Shot Misses the Net.
15:31 of 2nd period - Puck is out of play.
15:32 of 2nd period - Jack Hughes wins face-off versus Sean Couturier in Vegas Golden Knights zone.
15:33 of 2nd period - Slapshot by Brandon Montour.
15:33 of 2nd period - Shot Blocked by Sean Couturier.
17:08 of 2nd period - Icing by Gustav Forsling.
17:09 of 2nd period - Jack Roslovic wins face-off versus Jack Hughes in Minnesota North Stars zone.
17:18 of 2nd period - Snap shot by Nikolaj Ehlers.
17:18 of 2nd period - Stopped by Antti Raanta with a rebound.
17:30 of 2nd period - Brandon Montour is hit by Eric Staal and loses puck.
17:35 of 2nd period - Slapshot by Shea Theodore.
17:35 of 2nd period - Deflect By Alex Chiasson.
17:35 of 2nd period - Stopped by Antti Raanta with a rebound.
17:49 of 2nd period - Zach Parise is hit by Tyler Bertuzzi and loses puck.
18:12 of 2nd period - Jamie Oleksiak is hit by Sean Couturier.
18:29 of 2nd period - Travis Hamonic is hit by Brock Nelson and loses puck.
19:02 of 2nd period - Ryan Nugent-Hopkins is hit by Sean Couturier.
19:08 of 2nd period - Snap shot by Ryan Nugent-Hopkins.
19:08 of 2nd period - Stopped by Alexandar Georgiev with a rebound.
19:34 of 2nd period - Jack Hughes is hit by Sean Monahan and loses puck.
Goals for this period are 0 for Minnesota North Stars vs 1 for Vegas Golden Knights.
Shots for this period are 11 for Minnesota North Stars vs 15 for Vegas Golden Knights.
3rd period
0:01 of 3rd period - Sean Couturier wins face-off versus Jack Hughes in neutral zone.
0:15 of 3rd period - Wrist shot by Viktor Arvidsson.
0:15 of 3rd period - Stopped by Alexandar Georgiev without a rebound.
0:16 of 3rd period - Sean Monahan wins face-off versus Evgeni Malkin in Vegas Golden Knights zone.
0:16 of 3rd period - Sean Monahan is hit by Zach Parise.
0:30 of 3rd period - Snap shot by Joe Pavelski.
0:30 of 3rd period - Shot Misses the Net.
0:32 of 3rd period - Slapshot by Chris Kreider.
0:32 of 3rd period - Stopped by Antti Raanta without a rebound.
0:33 of 3rd period - Sean Couturier wins face-off versus Viktor Arvidsson in Minnesota North Stars zone.
1:32 of 3rd period - Wrist shot by Evgeni Malkin.
1:32 of 3rd period - Stopped by Alexandar Georgiev without a rebound.
1:33 of 3rd period - Sean Monahan wins face-off versus Jack Hughes in Vegas Golden Knights zone.
1:45 of 3rd period - Icing by Eeli Tolvanen.
1:46 of 3rd period - Sean Monahan wins face-off versus Jack Hughes in Minnesota North Stars zone.
2:47 of 3rd period - Wrist shot by Jack Roslovic.
2:47 of 3rd period - Shot Misses the Net.
5:18 of 3rd period - Off-side.
5:19 of 3rd period - Jordan Staal wins face-off versus Jack Hughes in neutral zone.
5:24 of 3rd period - Wrist shot by Reilly Smith.
5:24 of 3rd period - Shot Blocked by Eeli Tolvanen.
5:26 of 3rd period - Slapshot by John Marino.
5:26 of 3rd period - Deflect By Tyler Bertuzzi.
5:26 of 3rd period - Stopped by Antti Raanta without a rebound.
5:27 of 3rd period - Jordan Staal wins face-off versus Jack Hughes in Minnesota North Stars zone.
5:30 of 3rd period - Slapshot by Tyler Bertuzzi.
5:30 of 3rd period - Stopped by Antti Raanta without a rebound.
5:31 of 3rd period - Sean Monahan wins face-off versus Jack Hughes in Minnesota North Stars zone.
5:52 of 3rd period - Viktor Arvidsson is hit by Chris Kreider.
7:35 of 3rd period - Snap shot by Jack Roslovic.
7:35 of 3rd period - Shot Misses the Net.
7:49 of 3rd period - Roman Josi is hit by Brandon Montour and loses puck.
8:15 of 3rd period - Eric Staal is hit by Jack Hughes and loses puck.
9:32 of 3rd period - Slapshot by Brandon Montour.
9:32 of 3rd period - Shot Misses the Net.
9:34 of 3rd period - Snap shot by Jonathan Toews.
9:34 of 3rd period - Stopped by Alexandar Georgiev with a rebound.
9:36 of 3rd period - Wrist shot by Adam Lowry.
9:36 of 3rd period - Shot Blocked by Travis Hamonic.
9:38 of 3rd period - Slapshot by Evan Rodrigues.
9:38 of 3rd period - Deflect By Adam Lowry.
9:38 of 3rd period - Stopped by Alexandar Georgiev with a rebound.
9:40 of 3rd period - Snap shot by Brandon Montour.
9:40 of 3rd period - Shot Hit the Post.
10:10 of 3rd period - Sean Couturier is hit by Frank Vatrano and loses puck.
10:22 of 3rd period - Off-side.
10:23 of 3rd period - Adam Lowry wins face-off versus Sean Monahan in neutral zone.
10:32 of 3rd period - Slapshot by Roman Josi.
10:32 of 3rd period - Shot Misses the Net.
11:30 of 3rd period - Brandon Montour is hit by Alex Chiasson.
12:02 of 3rd period - Marc Staal is hit by Jonathan Toews and loses puck.
12:15 of 3rd period - Slapshot by Brandon Montour.
12:15 of 3rd period - Deflect By Viktor Arvidsson.
12:15 of 3rd period - Stopped by Alexandar Georgiev without a rebound.
12:16 of 3rd period - Jack Roslovic wins face-off versus Jack Hughes in Vegas Golden Knights zone.
12:16 of 3rd period - Jack Roslovic is hit by Viktor Arvidsson.
12:27 of 3rd period - Icing by Sean Couturier.
12:28 of 3rd period - Evgeni Malkin wins face-off versus Sean Couturier in Vegas Golden Knights zone.
12:29 of 3rd period - Slapshot by Jeff Skinner.
12:29 of 3rd period - Stopped by Alexandar Georgiev without a rebound.
12:30 of 3rd period - Evgeni Malkin wins face-off versus Sean Couturier in Vegas Golden Knights zone.
12:39 of 3rd period - Wrist shot by Jeff Skinner.
12:39 of 3rd period - Shot Blocked by Shea Theodore.
12:41 of 3rd period - Wrist shot by Zach Parise.
12:41 of 3rd period - Stopped by Alexandar Georgiev with a rebound.
12:43 of 3rd period - Slapshot by Jamie Oleksiak.
12:43 of 3rd period - Shot Blocked by Sean Couturier.
12:45 of 3rd period - Slapshot by Zach Parise.
12:45 of 3rd period - Shot Misses the Net.
13:25 of 3rd period - Backhand shot by Reilly Smith.
13:25 of 3rd period - Deflect By Jordan Staal.
13:25 of 3rd period - Shot Misses the Net.
13:25 of 3rd period - Puck is out of play.
13:26 of 3rd period - Sean Couturier wins face-off versus Evgeni Malkin in Minnesota North Stars zone.
13:58 of 3rd period - Slapshot by Sean Monahan.
13:58 of 3rd period - Shot Blocked by Brandon Montour.
14:59 of 3rd period - Rasmus Dahlin is hit by Nikolaj Ehlers and loses puck.
16:03 of 3rd period - Slapshot by Rasmus Dahlin.
16:03 of 3rd period - Stopped by Alexandar Georgiev with a rebound.
16:09 of 3rd period - Evgeni Malkin is hit by Marc Staal and loses puck.
16:46 of 3rd period - Snap shot by Evan Rodrigues.
16:46 of 3rd period - Shot Misses the Net.
16:54 of 3rd period - Joe Pavelski is hit by Adam Lowry.
17:06 of 3rd period - Wrist shot by Reilly Smith.
17:06 of 3rd period - Shot Misses the Net.
17:08 of 3rd period - Wrist shot by Tyler Bertuzzi.
17:08 of 3rd period - Stopped by Antti Raanta with a rebound.
17:24 of 3rd period - Brandon Montour is hit by Sean Couturier and loses puck.
17:33 of 3rd period - Wrist shot by Jeff Skinner.
17:33 of 3rd period - Shot Misses the Net.
17:43 of 3rd period - Shea Theodore is hit by Frank Vatrano.
18:46 of 3rd period - Snap shot by Nikolaj Ehlers.
18:46 of 3rd period - Stopped by Antti Raanta with a rebound.
19:09 of 3rd period - Neal Pionk is hit by Jonathan Drouin and loses puck.
19:35 of 3rd period - Brock Nelson is hit by Tyler Bertuzzi and loses puck.
Goals for this period are 0 for Minnesota North Stars vs 0 for Vegas Golden Knights.
Shots for this period are 8 for Minnesota North Stars vs 5 for Vegas Golden Knights.
Overtime #1
0:01 of 1st overtime period - Jonathan Drouin wins face-off versus Jack Hughes in neutral zone.
0:08 of 1st overtime period - Slapshot by Alex Chiasson.
0:08 of 1st overtime period - Stopped by Antti Raanta without a rebound.
0:09 of 1st overtime period - Jonathan Drouin wins face-off versus Jack Hughes in Minnesota North Stars zone.
0:13 of 1st overtime period - Minor Penalty to Jeff Skinner for Boarding.
0:14 of 1st overtime period - Jonathan Drouin wins face-off versus Ryan Nugent-Hopkins in Minnesota North Stars zone.
0:16 of 1st overtime period - Wrist shot by Alex Chiasson.
0:16 of 1st overtime period - Shot Misses the Net.
1:17 of 1st overtime period - Ryan Nugent-Hopkins is hit by Jonathan Drouin and loses puck.
2:13 of 1st overtime period - Penalty to Jeff Skinner is over, Jeff Skinner is back on ice.
2:14 of 1st overtime period - Jordan Staal is hit by Rasmus Dahlin and loses puck.
2:23 of 1st overtime period - Snap shot by Jeff Skinner.
2:23 of 1st overtime period - Deflect By Evgeni Malkin.
2:23 of 1st overtime period - Shot Misses the Net.
2:23 of 1st overtime period - Puck is out of play.
2:24 of 1st overtime period - Jonathan Drouin wins face-off versus Jack Hughes in Vegas Golden Knights zone.
3:54 of 1st overtime period - Frank Vatrano is hit by Alex Chiasson and loses puck.
4:12 of 1st overtime period - Icing by Joe Pavelski.
4:13 of 1st overtime period - Adam Lowry wins face-off versus Reilly Smith in Vegas Golden Knights zone.
Goals for this period are 0 for Minnesota North Stars vs 0 for Vegas Golden Knights.
Shots for this period are 0 for Minnesota North Stars vs 1 for Vegas Golden Knights.
ShootOut
5:00 of 1st overtime period - Round #1.
5:00 of 1st overtime period - Minnesota North Stars, Ryan Nugent-Hopkins.
5:00 of 1st overtime period - Deke by Ryan Nugent-Hopkins.
5:00 of 1st overtime period - Stopped by Alexandar Georgiev.
5:00 of 1st overtime period - Vegas Golden Knights, Jack Roslovic.
5:00 of 1st overtime period - Backhand shot by Jack Roslovic.
5:00 of 1st overtime period - Shot Misses the Net.
5:00 of 1st overtime period - Round #2.
5:00 of 1st overtime period - Minnesota North Stars, Evgeni Malkin.
5:00 of 1st overtime period - Deke by Evgeni Malkin.
5:00 of 1st overtime period - Stopped by Alexandar Georgiev.
5:00 of 1st overtime period - Vegas Golden Knights, Sean Monahan.
5:00 of 1st overtime period - Wrist shot by Sean Monahan.
5:00 of 1st overtime period - Stopped by Antti Raanta.
5:00 of 1st overtime period - Round #3.
5:00 of 1st overtime period - Minnesota North Stars, Brock Nelson.
5:00 of 1st overtime period - Backhand shot by Brock Nelson.
5:00 of 1st overtime period - Stopped by Alexandar Georgiev.
5:00 of 1st overtime period - Vegas Golden Knights, Joe Pavelski.
5:00 of 1st overtime period - Snap shot by Joe Pavelski.
5:00 of 1st overtime period - Goal by Joe Pavelski.
Back to the Top